 Dungeon Crawl Stone Soup version 0.29-a0-43-g62a80824bf (webtiles) character file.

Game seed: 17322457191679921440

51766 HuGe the Impaler (level 14, -5/129 HPs)
             Began as a Minotaur Berserker on Feb 2, 2022.
             Was a High Priest of Trog.
             Slain by a faun (19 damage)
             ... led by a satyr
             ... on level 3 of the Shoals.
             The game lasted 01:19:08 (20988 turns).

HuGe the Impaler (Minotaur Berserker)              Turns: 20988, Time: 01:19:08

Health: -5/129     AC: 30    Str: 28    XL:     14   Next: 24%
Magic:  5/13       EV: 13    Int:  4    God:    Trog [*****.]
Gold:   829        SH:  0    Dex: 14    Spells: 13/13 levels left

rFire   + + .      SeeInvis .   d - +8 glaive of the Guard {elec, spectral, AC+5}
rCold   x . .      Faith    .   (shield currently unavailable)
rNeg    . . .      Spirit   .   v - +2 fire dragon scales "Ogotas" {-Cast rF++ rC- Str+5}
rPois   .          Reflect  .   (helmet restricted)
rElec   .          Harm     .   x - +2 cloak
rCorr   .          Rampage  .   n - +0 pair of gloves
Will    .....      NoCast   +   w - +0 pair of boots
Stlth   +.........              (no amulet)
HPRegen 0.31/turn               Z - +4 ring of protection
MPRegen 0.13/turn               (no ring)

@: lit by a corona, weak-willed, afraid, mesmerised, glowing, very slow
A: horns 2, retaliatory headbutt
a: Renounce Religion, Berserk, Trog's Hand, Brothers in Arms


You were on level 3 of the Shoals.
You worshipped Trog.
Trog was extremely pleased with you.
You visited 3 branches of the dungeon, and saw 16 of its levels.

You collected 865 gold pieces.
You spent 36 gold pieces at shops.

Inventory:

Hand Weapons
 d - the +8 glaive of the Guard (weapon) {elec, spectral, AC+5}
   (You acquired it on level 5 of the Dungeon)

   It occasionally discharges a powerful burst of electricity upon striking a
   foe.
   When it strikes, its spirit leaps out and fights alongside the wielder.
   AC:        It affects your AC (+5).
 o - a +4 demon trident of venom
 Q - the +5 battleaxe "Wiwnihom" {vorpal, Drain rPois rN+}
   (Trog gifted it to you on level 11 of the Dungeon)

   It inflicts extra damage upon your enemies.
   rPois:     It protects you from poison.
   rN:        It protects you from negative energy.
   Drain:     It drains your maximum health when unequipped.
 Y - the +7 arbalest of War {venom, rN+ MP-9 SInv}
   (You found it on level 2 of the Lair of Beasts)

   Any ammunition fired from it poisons the flesh of those it strikes.
   rN:        It protects you from negative energy.
   MP:        It affects your magic capacity (-9).
   SInv:      It lets you see invisible.
Missiles
 c - 78 bolts
 h - 9 atropa-tipped darts
 i - 260 arrows
 k - 8 poisoned darts
 m - 17 boomerangs
 u - 2 silver boomerangs
 D - a curare-tipped dart
 E - 5 throwing nets
 P - 6 silver javelins
 W - 11 javelins
Armour
 n - a +0 pair of gloves (worn)
 v - the +2 fire dragon scales "Ogotas" (worn) {-Cast rF++ rC- Str+5}
   (You took it off a gnoll on level 10 of the Dungeon)

   Str:       It affects your strength (+5).
   rF:        It greatly protects you from fire.
   rC:        It makes you vulnerable to cold.
   -Cast:     It prevents spellcasting.
 w - a +0 pair of boots (worn)
 x - a +2 cloak (worn)
 O - the +5 ring mail of the Beggar {Rampage Dex+6}
   (You found it on level 1 of the Lair of Beasts)

   Dex:       It affects your dexterity (+6).
   Rampage:   It bestows one free step when moving towards enemies.
Jewellery
 a - a ring of ice
 y - a ring of fire
 Z - a +4 ring of protection (left hand)
Wands
 l - a wand of flame (37)
 p - a wand of paralysis (7)
 A - a wand of iceblast (20)
 N - a wand of acid (8)
 V - a wand of mindburst (15)
Scrolls
 e - 7 scrolls of teleportation
 f - 2 scrolls of noise {unknown}
 s - a scroll of summoning
 B - a scroll of brand weapon
 F - 6 scrolls of identify
 G - a scroll of blinking
 S - a scroll of magic mapping
 T - 2 scrolls of fear
 U - a scroll of enchant weapon
Potions
 b - a potion of haste
 g - 9 potions of curing
 j - 5 potions of might
 r - 2 potions of ambrosia
 z - a potion of magic
 I - a potion of invisibility
 K - 3 potions of flight
Miscellaneous
 C - a phial of floods
 L - a condenser vane (inert) (quivered)
 M - a tin of tremorstones (2/2)
 X - a phantom mirror


   Skills:
 + Level 13.3 Fighting
 + Level 6.2(13.2) Axes
 + Level 18.0(18.3) Polearms
 + Level 3.3(3.8) Slings
 + Level 9.1 Crossbows
 + Level 2.3(3.1) Throwing
 + Level 13.3 Armour
 + Level 7.4 Dodging
 + Level 4.2 Stealth
 + Level 0.4 Evocations


You had 13 spell levels left.
You didn't know any spells.
Your spell library was empty.

Dungeon Overview and Level Annotations

Branches:
Dungeon (11/15)            Temple (0/1) D:6            Lair (2/6) D:11
 Shoals (3/4) Lair:2
  Snake: Lair:2-4    Spider: Lair:2-4       Orc: D:9-12

Altars:
Dithmenos
Gozag
Kikubaaqudgha
Makhleb
Okawaru
Qazlal
Ru
Sif Muna
Uskayaw
Xom
Yredelemnul
Zin

Shops:
D:4 !   D:6 *   D:10 *   D:11 *


Innate Abilities, Weirdness & Mutations

You have a pair of horns on your head.
You reflexively headbutt those who attack you in melee.


Message History

You cannot move closer to the satyr!
You cannot move closer to the satyr!
Unknown command.
You cannot move closer to the satyr!
You cannot move closer to the satyr!
You cut the water elemental into ribbons!!!
You destroy the water elemental!
Trog accepts your kill.
You gasp with relief as air once again reaches your lungs.
The wind drake is struck by lightning.
You kill the wind drake!
Trog accepts your kill.
The water elemental is struck by lightning.
The water elemental closely misses you.
The merfolk avatar chants its luring song.
Your Polearms skill increases to level 18!
You slice the manticore!!
You kill the manticore!
Trog accepts your kill.
The pull of its song draws you forwards.
The satyr is struck by lightning.
The satyr shoots an arrow.
The arrow hits you!!
* * * LOW HITPOINT WARNING * * *
The faun shoots a sling bullet.
The sling bullet hits you!
* * * LOW HITPOINT WARNING * * *
The faun unwields a +0 hunting sling.
The faun wields a +0 spectral quarterstaff.
The faun splashes around in the water.
The faun gestures at you while chanting.
Your willpower is stripped away!
You feel much better.
You are standing in a thunderstorm.
You are struck by lightning!
* * * LOW HITPOINT WARNING * * *
The merfolk avatar chants its luring song.
The satyr shoots an arrow.
The arrow hits you!!
* * * LOW HITPOINT WARNING * * *
The water elemental hits you.
The faun shoots a sling bullet.
The sling bullet hits you but does no damage.
The faun hits you with a +0 spectral quarterstaff!!
You die...

≈≈≈≈≈≈≈≈≈≈....#
≈≈≈≈≈≈≈≈≈.≈≈...
≈≈≈≈≈≈≈m≈≈≈≈...
≈≈≈≈≈≈≈≈≈§§§≈.. ≈≈
≈≈≈≈≈≈≈≈≈§§§§§# ≈≈≈
≈≈≈≈≈≈≈≈≈§§§§§# ..≈≈
≈≈≈≈≈≈≈≈cc§§§§###..≈≈≈≈
≈≈≈≈≈≈≈@§c§§§......≈≈≈≈
≈≈≈≈≈≈≈E§c§§§....≈≈≈≈≈≈
≈≈≈≈≈≈≈§§c§§(..# ≈≈≈≈≈≈
≈≈≈≈≈≈≈§§§§§≈(.##≈≈≈≈≈≈
≈≈≈≈≈≈≈≈≈§§§(((..^≈≈≈≈≈
≈≈≈≈≈≈≈≈≈§§§≈≈<≈≈≈≈≈≈≈≈
≈≈≈≈≈≈≈≈≈≈≈≈≈≈≈≈≈≈≈≈≈≈≈
≈≈≈≈≈≈≈≈≈≈≈≈≈≈≈≈≈≈≈≈≈≈≈
≈≈≈≈≈≈≈≈≈≈≈≈≈≈≈≈≈≈≈≈≈≈≈


You could see a merfolk avatar (mesmerising), a satyr (scary), 4 fauns and a
water elemental.

Vanquished Creatures
  The ghost of Ytiur the Warrior, an adept MiFi of the Shining One (Shoals:2)
  A minotaur (D:11)
  A spectral kraken (Shoals:1)
  The ghost of Cecur the Thaumaturge, a journeyman DrEE of Sif Muna (D:11)
  3 merfolk impalers (Shoals:2)
  2 hydras
  3 centaur warriors
  2 ghost crabs (Shoals:1)
  A merfolk avatar (Shoals:1)
  A merfolk aquamancer (Shoals:3)
  A dancing weapon (Shoals:2)
  A tengu warrior (D:10)
  5 sea snakes
  7 harpies (Shoals:2)
  2 orc sorcerers (D:10)
  An ugly thing (D:11)
  6 manticores
  2 spectral merfolk (Shoals:1)
  4 cyclopes
  13 fauns
  6 elephants (Lair:1)
  Maurice (D:10)
  4 merfolk sirens
  A black mamba (Lair:2)
  2 water nymphs (Shoals:2)
  A torpor snail (Lair:1)
  4 cane toads (Lair:1)
  2 komodo dragons
  2 unseen horrors (D:11)
  3 kobold demonologists
  3 rime drakes
  A tengu conjurer (D:10)
  3 wind drakes
  10 merfolk
  4 dream sheep (Shoals:3)
  5 snapping turtles
  6 wyverns
  Sigmund (D:2)
  2 shadows
  5 water elementals
  2 wraiths
  24 yaks
  A basilisk (D:10)
  A steam dragon (D:6)
  3 vampire mosquitoes (D:11)
  2 acid dragons
  4 water moccasins
  2 orc warriors
  2 spectral snapping turtles (Shoals:1)
  An ice beast (D:5)
  2 sky beasts
  A black bear (D:6)
  5 ogres
  2 centaurs
  A kobold brigand (D:7)
  3 bullfrogs
  2 gnoll sergeants
  6 scorpions
  A wyvern skeleton (D:7)
  6 killer bees (D:7)
  5 wights (D:10)
  4 howler monkeys
  2 bullfrog zombies
  2 orc priests (D:7)
  3 centaur zombies
  A gnoll shaman (D:5)
  2 hounds
  4 bullfrog skeletons
  3 iguanas
  A scorpion zombie (D:5)
  Crazy Yiuf (D:5)
  3 orc wizards
  A killer bee zombie (D:3)
  A howler monkey zombie (D:5)
  3 adders
  27 gnolls
  A shadow imp (D:6)
  A white imp (D:7)
  An ufetubus (D:4)
  3 worms
  2 dart slugs
  14 orcs
  6 endoplasms
  3 giant cockroaches
  6 hobgoblins
  2 jackals (D:5)
  4 quokkas
  6 ball pythons
  7 bats
  9 frilled lizards
  8 goblins
  11 kobolds
  6 rats
  A fungus (Lair:2)
  A tentacle (Shoals:1)
350 creatures vanquished.

Vanquished Creatures (others)
  8 fungi
  20 plants
  8 tentacles (Shoals:1)
  4 withered plants (Shoals:1)
40 creatures vanquished.

Grand Total: 390 creatures vanquished

Notes
Turn   | Place    | Note
-------+----------+-------------------------------------------
     0 | D:1      | HuGe the Minotaur Berserker began the quest for the Orb.
     0 | D:1      | Reached XP level 1. HP: 19/19 MP: 0/0
   313 | D:1      | Reached XP level 2. HP: 22/27 MP: 1/1
   779 | D:1      | Reached ** piety under Trog
   948 | D:2      | Reached XP level 3. HP: 33/33 MP: 2/2
  1248 | D:2      | Noticed Sigmund
  1263 | D:2      | Killed Sigmund
  1264 | D:2      | Reached skill level 5 in Fighting
  1264 | D:2      | Reached skill level 5 in Axes
  1264 | D:2      | Reached XP level 4. HP: 12/42 MP: 3/3
  1264 | D:2      | Reached XP level 5. HP: 14/48 MP: 4/4
  2438 | D:3      | Reached XP level 6. HP: 53/56 MP: 5/5
  2562 | D:3      | Reached skill level 1 in Polearms
  2683 | D:3      | Noticed a water moccasin
  2692 | D:3      | Killed a water moccasin
  2693 | D:3      | Reached skill level 2 in Polearms
  2716 | D:3      | Upgraded the game from 0.29-a0-40-g8eb35efe60 to
                  | 0.29-a0-43-g62a80824bf
  2908 | D:3      | Reached XP level 7. HP: 62/62 MP: 6/6
  3299 | D:4      | Reached skill level 3 in Polearms
  3299 | D:4      | Reached skill level 1 in Stealth
  3702 | D:4      | Found a hide-covered altar of Uskayaw.
  3787 | D:4      | Reached skill level 4 in Polearms
  4081 | D:4      | Found Dihor's Distillery.
  4184 | D:4      | Found a shimmering blue altar of Sif Muna.
  4246 | D:5      | Entered Level 5 of the Dungeon
  4260 | D:5      | Reached skill level 5 in Polearms
  4282 | D:5      | Reached XP level 8. HP: 47/71 MP: 7/7
  4504 | D:5      | Reached *** piety under Trog
  4596 | D:5      | Reached skill level 6 in Polearms
  4647 | D:5      | Identified a scroll of acquirement
  4647 | D:5      | Acquired the +8 glaive of the Guard {elec, spectral, AC+5}
  4647 | D:5      | Found the +8 glaive of the Guard {elec, spectral, AC+5}
  4670 | D:5      | Found a runed translucent door.
  4671 | D:5      | Noticed Crazy Yiuf
  4675 | D:5      | Killed Crazy Yiuf
  4912 | D:5      | Reached skill level 1 in Crossbows
  4920 | D:5      | Reached skill level 7 in Polearms
  5662 | D:6      | Reached skill level 5 in Armour
  5704 | D:6      | Found a staircase to the Ecumenical Temple.
  5763 | D:6      | Reached skill level 8 in Polearms
  5782 | D:6      | Reached XP level 9. HP: 69/79 MP: 8/8
  5893 | D:6      | Found Aczifede's General Store.
  6113 | D:7      | Reached skill level 5 in Dodging
  6141 | D:7      | Reached skill level 9 in Polearms
  6230 | D:7      | Reached **** piety under Trog
  6288 | D:7      | Reached skill level 10 in Polearms
  7034 | D:8      | You fall into a shaft and drop 2 floors!
  7034 | D:10     | Entered Level 10 of the Dungeon
  7059 | D:10     | Noticed a kobold demonologist
  7060 | D:10     | Reached skill level 11 in Polearms
  7075 | D:10     | Killed a kobold demonologist
  7076 | D:10     | Reached XP level 10. HP: 88/88 MP: 9/9
  7087 | D:10     | Noticed a cyclops
  7094 | D:10     | Killed a cyclops
  7107 | D:10     | Noticed an orc sorcerer
  7114 | D:10     | Killed an orc sorcerer
  7115 | D:10     | Reached skill level 12 in Polearms
  7119 | D:10     | Noticed a centaur warrior
  7125 | D:10     | Killed a centaur warrior
  7409 | D:10     | Noticed Maurice
  7453 | D:10     | Noticed an orc sorcerer
  7459 | D:10     | Noticed an orange demon
  8016 | D:10     | Noticed a smoke demon
  8326 | D:10     | Paralysed by an orc sorcerer for 3 turns
  8329 | D:10     | Killed an orc sorcerer
  8460 | D:10     | Reached skill level 13 in Polearms
  8469 | D:10     | Killed Maurice
  8470 | D:10     | Reached skill level 1 in Throwing
  8720 | D:10     | Identified the +2 fire dragon scales "Ogotas" {-Cast rF++
                  | rC- Str+5}
  8965 | D:10     | Noticed a manticore
  8994 | D:10     | Killed a manticore
  9060 | D:10     | Reached XP level 11. HP: 97/97 MP: 10/10
  9065 | D:10     | Reached skill level 1 in Slings
  9126 | D:10     | Found Selorr's General Store.
  9135 | D:10     | Identified the +2 leather armour "Kipa" {Regen+}
  9145 | D:10     | Bought a potion of flight for 36 gold pieces
  9161 | D:10     | Noticed a tengu warrior
  9173 | D:10     | Killed a tengu warrior
  9285 | D:10     | Reached ***** piety under Trog
  9334 | D:10     | Reached skill level 14 in Polearms
  9476 | D:10     | Found an iron altar of Okawaru.
  9557 | D:10     | Found a glowing silver altar of Zin.
  9610 | D:10     | Found an opulent altar of Gozag.
  9611 | D:10     | Found an ancient bone altar of Kikubaaqudgha.
  9611 | D:10     | Found a burning altar of Makhleb.
  9611 | D:10     | Found a basalt altar of Yredelemnul.
  9612 | D:10     | Found a shadowy altar of Dithmenos.
  9614 | D:10     | Found a stormy altar of Qazlal.
  9616 | D:10     | Found a sacrificial altar of Ru.
 10041 | D:11     | Reached skill level 10 in Fighting
 10093 | D:11     | Noticed a cyan ugly thing
 10101 | D:11     | Killed a cyan ugly thing
 10218 | D:11     | Found a runed translucent gate.
 10218 | D:11     | Found a runed translucent gate.
 10221 | D:11     | Found a runed translucent gate.
 10225 | D:11     | Noticed a minotaur
 10225 | D:11     | Noticed a centaur warrior
 10226 | D:11     | Noticed a six-headed hydra
 10227 | D:11     | Noticed Cecur's ghost (journeyman DrEE)
 10381 | D:11     | Found a staircase to the Lair.
 10688 | D:11     | Found Doschef's General Store.
 10946 | D:11     | Killed an eight-headed hydra
 10947 | D:11     | Reached skill level 15 in Polearms
 10950 | D:11     | Killed a minotaur
 10954 | D:11     | Killed Cecur's ghost
 10956 | D:11     | Reached skill level 10 in Armour
 10957 | D:11     | Reached XP level 12. HP: 108/108 MP: 11/11
 10960 | D:11     | Killed a centaur warrior
 10960 | D:11     | Identified the +5 battleaxe "Wiwnihom" {vorpal, Drain rPois
                  | rN+} (Trog gifted it to you on level 11 of the Dungeon)
 10960 | D:11     | Received a gift from Trog
 10982 | D:11     | Identified the +1 robe of Midnight {rC+ rN+ Str+2}
 11184 | Lair:1   | Entered Level 1 of the Lair of Beasts
 11472 | Lair:1   | Reached skill level 16 in Polearms
 11670 | Lair:1   | Identified the +5 ring mail of the Beggar {Rampage Dex+6}
 12859 | Lair:2   | Identified the +7 arbalest of War {venom, rN+ MP-9 SInv}
 12968 | Lair:2   | Noticed a four-headed hydra
 12973 | Lair:2   | Killed a four-headed hydra
 13402 | Lair:2   | Found a staircase to the Shoals.
 13846 | Shoals:1 | Entered Level 1 of the Shoals
 13865 | Shoals:1 | Reached skill level 17 in Polearms
 14230 | Shoals:1 | Noticed a ghost crab
 14249 | Shoals:1 | Killed a ghost crab
 14443 | Shoals:1 | Noticed a ghost crab
 14450 | Shoals:1 | Killed a ghost crab
 14451 | Shoals:1 | Reached XP level 13. HP: 111/118 MP: 3/12
 16496 | Shoals:2 | Reached skill level 5 in Crossbows
 19118 | Shoals:2 | Noticed a merfolk impaler
 19134 | Shoals:2 | Killed a merfolk impaler
 19389 | Shoals:2 | Noticed a merfolk impaler
 19396 | Shoals:2 | Killed a merfolk impaler
 19464 | Shoals:2 | Noticed a merfolk impaler
 19730 | Shoals:2 | Killed a merfolk impaler
 20040 | Shoals:2 | Found a runed translucent door.
 20040 | Shoals:2 | Found a shimmering altar of Xom.
 20040 | Shoals:2 | Noticed Ytiur's ghost (adept MiFi)
 20424 | Shoals:2 | Reached XP level 14. HP: 121/129 MP: 4/13
 20742 | Shoals:2 | Killed Ytiur's ghost
 20987 | Shoals:3 | Reached skill level 18 in Polearms
 20988 | Shoals:3 | Slain by a faun

Illustrated notes

Levels and vault maps discovered:
D:1:      roderic_chinese_lattice_arrival, layout_rooms
D:2:      layout_loops_ring, uniq_sigmund
D:3:      layout_rooms, minmay_increasing_density
D:4:      layout_cave_pools, nicolae_uskayaw_dance_hall, marbit_many_paths,
          serial_shops, kennysheep_mini_moat, grunt_decor_junction
D:5:      layout_basic, minmay_misc_feat_roman, roderic_lattice_a,
          roderic_filled_cross, chequers_big_river, uniq_crazy_yiuf_cottage
D:6:      layout_rooms, temple_statues, serial_shops, nicolae_shop_trees
D:7:      layout_loops_ring
D:8:      layout_gridville
D:9:      layout_stronghold, uniq_gastronok
D:10:     layout_loops_cross, minitemple, serial_shops, shop, enter_bailey_5,
          minmay_the_grid_2x2 [minmay_the_grid_box_x, minmay_the_grid_tri_star,
          minmay_the_grid_pillar_ring, minmay_the_grid_prize_trominoes],
          uniq_maurice
D:11:     layout_long_grid, lair_entry_dummy, maelrawn_ghost_gauntlet_escape,
          serial_shops, kennysheep_little_box
Lair:1:   layout_regular_city
Lair:2:   layout_hall_layers, elwin_shoals_entry_rooms
Shoals:1: layout_shoals, nicolae_shoals_spectral_cove
Shoals:2: layout_shoals, ebering_ghost_xom, ldierk_geyser
Shoals:3: layout_shoals, nicolae_shoals_lost_giant_hut, uniq_ilsuiw

Skill      XL: |  1  2  3  4  5  6  7  8  9 10 11 12 13 14 |
---------------+-------------------------------------------+-----
Fighting       | 4 5 6 7 8 9 10 12 13 | 13.3
Axes           | 4 5 6 |  6.2
Armour         | 3 4 5 7 8 10 11 12 13 | 13.3
Dodging        | 3 4 5 6 7 |  7.4
Polearms       | 2 5 8 11 13 15 17 18 | 18.0
Stealth        | 1 2 3 4 |  4.2
Crossbows      | 1 3 8 9 |  9.1
Throwing       | 1 2 |  2.3
Slings         | 3 |  3.3
Evocations     | |  0.4

Action                   |  1- 3 |  4- 6 |  7- 9 | 10-12 | 13-15 || total
-------------------------+-------+-------+-------+-------+-------++-------
Melee: Hand axe          |    68 |     1 |       |       |       ||    69
       Headbutt          |     7 |     4 |    24 |    39 |    30 ||   104
       Scythe            |       |    48 |    48 |       |       ||    96
       Glaive            |       |       |    78 |   190 |   120 ||   388
       Short sword       |       |       |     4 |       |       ||     4
 Fire: Hand crossbow     |       |       |     2 |       |       ||     2
       Hunting sling     |       |       |       |     8 |       ||     8
       Arbalest          |       |       |       |    13 |   149 ||   162
Throw: Dart              |       |       |       |     9 |       ||     9
       Boomerang         |       |       |       |       |    16 ||    16
Invok: Berserk           |     1 |     1 |     1 |     3 |     1 ||     7
Evoke: Condenser vane    |       |       |       |       |     1 ||     1
  Use: Scroll            |     3 |     2 |     6 |     6 |     3 ||    20
       Potion            |       |       |       |     3 |     6 ||     9
 Stab: Distracted        |       |       |       |     1 |     3 ||     4
Armor: Animal skin       |     9 |       |       |       |       ||     9
       Leather armour    |     8 |    15 |     8 |       |       ||    31
       Ring mail         |       |       |    33 |       |       ||    33
       Chain mail        |       |       |    14 |    59 |       ||    73
       Fire dragon scale |       |       |       |   105 |   175 ||   280
Dodge: Dodged            |    61 |    55 |    88 |    94 |   165 ||   463

Table legend: (Time is in decaauts)
 A = Elapsed time spent in this place.
 B = Non-inter-level travel time spent in this place.
 C = Inter-level travel time spent in this place.
 D = Time resting spent in this place.
 E = Time spent auto-exploring this place.
 F = Levels seen in this place.
 G = Mean time per level.
                   A        B        C        D        E       F      G
               +--------+--------+--------+--------+--------+-----+--------+
         Total |  21519 |  21514 |      5 |   7519 |   8486 |  16 | 1344.9 |
       Dungeon |  11365 |  11360 |      5 |   2376 |   6182 |  11 | 1033.2 |
          Lair |   2864 |   2864 |      0 |    553 |   1568 |   2 | 1432.0 |
        Shoals |   7290 |   7290 |      0 |   4589 |    735 |   3 | 2430.0 |
               +--------+--------+--------+--------+--------+-----+--------+

Top non-repeatable levels by time:
Shoals:2: 3895 daAuts
Shoals:1: 3323 daAuts
    D:10: 1786 daAuts
  Lair:2: 1512 daAuts
     D:5: 1420 daAuts
  Lair:1: 1352 daAuts
     D:2: 1274 daAuts
     D:9: 1247 daAuts
    D:11: 1154 daAuts
     D:3: 1071 daAuts
     D:4: 1026 daAuts
     D:1: 974 daAuts
     D:7: 928 daAuts
     D:6: 474 daAuts
Shoals:3: 71 daAuts
